 Dungeon Crawl Stone Soup version 0.19.1-1-g22dce08 (webtiles) character file.

1028 JeffiDaFish the Shield-Bearer (level 8, -2/50 HPs)
             Began as a Gargoyle Fighter on Jan 3, 2017.
             Killed from afar by Dowan (18 damage)
             ... with a stone arrow
             ... on level 4 of the Dungeon.
             The game lasted 00:08:11 (2788 turns).

JeffiDaFish the Shield-Bearer (Gargoyle Fighter)    Turns: 2788, Time: 00:08:12

Health: -2/50      AC: 22    Str: 21    XL:     8   Next: 23%
Magic:  9/9        EV:  4    Int:  8    God:
Gold:   251        SH: 10    Dex: 11    Spells: 0 memorised, 7 levels left

rFire  . . .     SeeInvis .     k - +2 mace (protect)
rCold  . . .     Gourm    .     j - +0 plate armour
rNeg   + . .     Faith    .     c - +0 shield
rPois  ∞         Spirit   .     (no helmet)
rElec  +         Reflect  .     l - +2 cloak {+Inv}
rCorr  .         Harm     .     e - +0 pair of gloves
MR     .....                    (no boots)
Stlth  ..........               (no amulet)
                                (no ring)
                                (no ring)

@: slowed, very slow
A: negative energy resistance 1, electricity resistance, unbreathing,
petrification resistance, rot immunity, AC +5
a: Evoke Invisibility


You were on level 4 of the Dungeon.
You were not hungry.

You visited 1 branch of the dungeon, and saw 4 of its levels.
You also visited: Sewer.

You collected 251 gold pieces.

Inventory:

Hand Weapons
 k - a +2 mace of protection (weapon)
Armour
 c - a +0 shield (worn)
 e - a +0 pair of gloves (worn)
 j - a +0 plate armour (worn)
 l - a +2 cloak of invisibility (worn)
Scrolls
 h - 3 scrolls of amnesia
Potions
 a - a potion of flight
 d - 2 potions of haste
 m - a potion of cure mutation {unknown}
Comestibles
 f - 5 bread rations
 g - 2 meat rations
 i - 3 royal jellies


   Skills:
 * Level 5.6 Fighting
 * Level 5.4 Maces & Flails
 * Level 5.3 Armour
 - Level 0.1 Dodging
 * Level 6.1 Shields
 + Level 1.8 Evocations


You had 7 spell levels left.
You didn't know any spells.

Dungeon Overview and Level Annotations

Branches:
Dungeon (4/15)
 Temple: D:4-7

Altars:
Ashenzari
Sif Muna
Yredelemnul

Annotations:
D:4 Dowan


Innate Abilities, Weirdness & Mutations

You are resistant to torment.
Your stone body is resilient. (AC +5)
You are immune to poison.
You resist negative energy. (rN+)
You are resistant to electric shocks. (rElec)
You can survive without breathing.
You are immune to petrification.
You are immune to rotting.


Message History

Dowan mumbles some strange words.
Dowan blinks!
Dowan hits you but does no damage.
Dowan casts a spell.
Dowan blinks!
You see here a hound corpse.
Dowan casts a spell.
Dowan blinks!
Dowan zaps a wand.
You resist with some effort.
Dowan points at you and mumbles some strange words.
The stone arrow hits you!
Dowan shakes with grief.
Dowan casts a spell at you. The stone arrow hits you!
Things that are here:
an enchanted rapier; a leather armour; the human skeleton of Eustachio Dowan casts a spell.
Dowan blinks!
Dowan casts a spell at you. The stone arrow hits you!
You die...

.. ....#....#. #......
.###...#.#.... #......
#⌠.#.'#..⌠#...##...... #.
#.......... ..#......
#..###........#####.#......
#.#...........#...#.#......
#.'...'..._...'............
#..).§..#...#..###...
##.†.@....####..###...
#p...e....#......##...
#⌠.##).#.⌠#......#####
####...####......#####
#..................
#...#..............
##.##...(...<......
..................
.##...............


You could see Dowan and a neutral freed slave (wandering).

Vanquished Creatures
  Pikel (D:4)
  Eustachio (D:4)
  Duvessa (D:4)
  Purgy (Sewer)
  A slave (D:4)
  Crazy Yiuf (D:2)
  A hound (D:4)
  Terence (D:2)
  4 gnolls
  4 adders
  3 oozes
  An adder skeleton (D:4)
  4 worms
  A leopard gecko (D:2)
  6 orcs (D:3)
  2 giant cockroaches
  6 goblins
  5 hobgoblins
  2 jackals (D:3)
  5 kobolds
  A quokka (D:4)
  2 ball pythons
  14 bats
  3 frilled lizards
  7 rats
78 creatures vanquished.

Vanquished Creatures (others)
  A scorpion (D:4)
1 creature vanquished.

Grand Total: 79 creatures vanquished

Notes
Turn   | Place    | Note
-------+----------+-------------------------------------------
     0 | D:1      | JeffiDaFish the Gargoyle Fighter began the quest for the Orb.
     0 | D:1      | Reached XP level 1. HP: 14/14 MP: 1/1
   123 | D:1      | Reached XP level 2. HP: 19/19 MP: 2/2
   617 | D:2      | Reached XP level 3. HP: 14/23 MP: 3/3
   963 | D:2      | Found a deep blue altar of Sif Muna.
  1048 | D:2      | Noticed Terence
  1055 | D:2      | Killed Terence
  1055 | D:2      | Reached skill level 4 in Shields
  1055 | D:2      | Reached XP level 4. HP: 23/28 MP: 4/4
  1294 | D:2      | Found a runed door.
  1298 | D:2      | Noticed Crazy Yiuf
  1308 | D:2      | Killed Crazy Yiuf
  1341 | D:2      | Reached XP level 5. HP: 18/32 MP: 5/5
  2093 | D:3      | Found a basalt altar of Yredelemnul.
  2181 | D:3      | Found a glowing drain.
  2205 | Sewer    | Entered a sewer
  2260 | Sewer    | Noticed Purgy
  2274 | Sewer    | Killed Purgy
  2274 | Sewer    | Reached skill level 5 in Shields
  2274 | Sewer    | Reached XP level 6. HP: 36/38 MP: 6/6
  2559 | D:4      | Found a shattered altar of Ashenzari.
  2560 | D:4      | Noticed Eustachio
  2569 | D:4      | Noticed Duvessa
  2575 | D:4      | Noticed a slave
  2598 | D:4      | Killed Eustachio
  2598 | D:4      | Reached skill level 1 in Evocations
  2598 | D:4      | Reached XP level 7. HP: 21/44 MP: 7/7
  2604 | D:4      | Noticed Pikel
  2651 | D:4      | Killed Pikel
  2651 | D:4      | Reached skill level 5 in Fighting
  2651 | D:4      | Reached skill level 5 in Maces & Flails
  2651 | D:4      | Reached skill level 5 in Armour
  2651 | D:4      | Reached XP level 8. HP: 7/49 MP: 7/9
  2666 | D:4      | Killed Duvessa
  2666 | D:4      | Reached skill level 6 in Shields
  2686 | D:4      | Noticed Dowan
  2788 | D:4      | Killed from afar by Dowan

Skill      XL: |  1  2  3  4  5  6  7  8 |
---------------+-------------------------+-----
Maces & Flails | 3 4 5 |  5.4
Shields        | 4 5 6 |  6.1
Fighting       | 4 5 |  5.6
Armour         | 4 5 |  5.3
Evocations     | 1 |  1.8
Dodging        | |  0.1

Action                   |  1- 3 |  4- 6 |  7- 9 || total
-------------------------+-------+-------+-------++-------
Melee: Flail             |   140 |   100 |       ||   240
       Mace              |       |   113 |    78 ||   191
  Use: Scroll            |     4 |     5 |       ||     9
       Potion            |     2 |     5 |       ||     7
  Eat: Chunk             |     1 |     5 |     2 ||     8
Armor: Scale mail        |    40 |       |       ||    40
       Skin              |     2 |       |       ||     2
       Plate armour      |    68 |   223 |    95 ||   386
Dodge: Dodged            |    28 |    47 |    20 ||    95
Block: Shield            |    75 |   162 |    60 ||   297
